 Dungeon Crawl Stone Soup version 0.23.1 (webtiles) character file.

Game seed: 10170404000496170594

92 doot the Conjurer (level 4, -10/24 HPs)
             Began as a Deep Elf Conjurer on Mar 7, 2019.
             Mangled by an ogre
             ... wielding a +0 giant spiked club
              (25 damage)
             ... on level 3 of the Dungeon.
             The game lasted 00:02:43 (1046 turns).

doot the Conjurer (Deep Elf Conjurer)               Turns: 1046, Time: 00:02:44

Health: -10/24     AC:  2    Str:  5    XL:     4   Next: 35%
Magic:  11/11      EV: 13    Int: 21    God:
Gold:   57         SH:  0    Dex: 15    Spells: 7/10 levels left

rFire    . . .     SeeInvis .   g - +0 short sword
rCold    . . .     Gourm    .   (no shield)
rNeg     . . .     Faith    .   a - +0 robe
rPois    .         Spirit   .   (no helmet)
rElec    .         Reflect  .   (no cloak)
rCorr    .         Harm     .   (no gloves)
MR       .....                  (no boots)
Stlth    ++........             (no amulet)
HPRegen  0.08/turn              k - ring of flight
MPRegen  0.12/turn              (no ring)

@: lightly drained
A: no striking features
a: Evoke Flight


You were on level 3 of the Dungeon.
You were not hungry.

You visited 1 branch of the dungeon, and saw 4 of its levels.

You collected 57 gold pieces.

Inventory:

Hand Weapons
 g - a +0 short sword (weapon)
 h - a +0 blowgun
Missiles
 i - 5 curare-tipped needles
 j - 20 poisoned needles
Armour
 a - a +0 robe (worn)
Jewellery
 k - a ring of flight (left hand)
Potions
 b - a potion of magic {unknown}
 d - a potion of agility {unknown}
 e - a potion of berserk rage {unknown}
Comestibles
 c - a ration


   Skills:
 + Level 2.8(2.7) Dodging
 + Level 2.8(2.7) Stealth
 + Level 3.8(3.6) Spellcasting
 + Level 5.8(5.7) Conjurations


You had 7 spell levels left.
You knew the following spells:

 Your Spells              Type           Power        Failure   Level  Hunger
a - Magic Dart            Conj           ####         1%          1    None
b - Searing Ray           Conj           ####..       1%          2    ##.....

Your spell library contained the following spells:

 Spells                   Type           Power        Failure   Level  Hunger
 Dazzling Spray           Conj/Hex       ###...       12%         3    ###....
 Iskenderun's Mystic Bla  Conj           ####....     12%         4    ####...
 Force Lance              Conj/Tloc      ###.....     36%         4    ####...
 Fulminant Prism          Conj/Hex       ###.......   36%         4    ####...


Dungeon Overview and Level Annotations

Branches:
Dungeon (4/15)
 Temple: D:4-7

Altars:


Message History

You are no longer poisoned.
You start resting.
Magic restored.
You start resting.
All of the chunks of flesh in your inventory have rotted away.
HP restored.
There is a stone staircase leading down here.
You climb downwards.
The hound skeleton bites you.
The ogre hits you with a +0 giant spiked club!
The hound skeleton bites you.
There is a stone staircase leading up, spattered with blood here.
Unknown command.
The hound skeleton completely misses you.
The ogre barely misses you.
You climb upwards.
There is a stone staircase leading down here.
Unknown command.
The ogre hits you with a +0 giant spiked club!!
Ouch! That really hurt!
You die...

.......#......##.......#
...###...###..##.##.####
#..# ##.####..##.##.#
#..# #.............#
#..# ######.#.#.####
#..# ### #.#.#.# #..#
... #.#)#.# #..###.##
#.#.#.#
........#.##.#.#@##
####...........O>.#
#.##...........# #.#
######.....# #>. ##.####
#.# #.# ..# ..# .## ##.#
. #.#


You could see an ogre.

Vanquished Creatures
  An orc wizard (D:4)
  4 adders
  4 orcs
  A goblin (D:2)
  3 hobgoblins
  3 jackals
  5 kobolds
  A ball python (D:1)
  2 bats (D:3)
  A frilled lizard (D:3)
  A rat (D:1)
26 creatures vanquished.

Notes
Turn   | Place    | Note
-------+----------+-------------------------------------------
     0 | D:1      | doot the Deep Elf Conjurer began the quest for the Orb.
     0 | D:1      | Reached XP level 1. HP: 10/10 MP: 6/6
   126 | D:2      | Reached XP level 2. HP: 15/15 MP: 0/8
   195 | D:2      | Learned a level 2 spell: Searing Ray
   265 | D:2      | Reached skill level 5 in Conjurations
   317 | D:3      | Reached XP level 3. HP: 19/19 MP: 5/9
   664 | D:4      | Reached XP level 4. HP: 12/24 MP: 2/11
   825 | D:4      | Noticed an ogre
  1046 | D:3      | Mangled by an ogre

Skill      XL: |  1  2 |
---------------+-------+-----
Conjurations   | 5 |  5.8
Dodging        | |  2.8
Stealth        | |  2.8
Spellcasting   | |  3.8

Action                   |  1- 3 |  4- 6 || total
-------------------------+-------+-------++-------
 Cast: Magic Dart        |    39 |       ||    39
       Searing Ray       |     3 |     2 ||     5
Armor: Robe              |     4 |       ||     4
Dodge: Dodged            |    15 |    12 ||    27
